 Dungeon Crawl Stone Soup version 0.29.1-2-gbd0b4ee654 (webtiles) character file.

Game seed: 11945154328730195298

63108 croobank the Spry (level 14, -4/72 HPs)
             Began as a Felid Summoner on Nov 17, 2022.
             Was an Initiate of Gozag.
             Slain by a ghost moth (15 damage)
             ... on level 3 of the Spider Nest.
             The game lasted 04:57:58 (59025 turns).

croobank the Spry (Felid Summoner)                 Turns: 59025, Time: 04:57:58

Health: -4/72      AC: 16    Str:  9 (10) XL:     14   Next: 66%
Magic:  0/32       EV: 38    Int: 28      God:    Gozag
Gold:   374        SH:  0    Dex: 18 (19) Spells: 0/39 levels left
                                        Lives:  0   Deaths: 5

rFire   . . .      SeeInvis +   (weapon unavailable)
rCold   . . .      Faith    .   (shield unavailable)
rNeg    . . .      Spirit   +   (body armour unavailable)
rPois   ∞          Reflect  .   (helmet unavailable)
rElec   +          Harm     .   (cloak unavailable)
rCorr   .          Rampage  .   (gloves unavailable)
Will    ++...                   (boots unavailable)
Stlth   +++.......              E - amulet of guardian spirit
HPRegen 0.22/turn               F - ring "Cyvuduso" {rPois Int+6}
MPRegen 0.23/turn               g - +6 ring of strength

@: storm-form, gold aura, flying, studying Summonings
A: cleaving, insubstantial, flying, very small, (claws 1), (fangs 3), see
invisible, (speed 1), (shaggy fur 3), (stealthy paws), no weapons or thrown
items, no armour, multi-lived
a: Blinkbolt, End Transformation, Renounce Religion, Potion Petition, Call
Merchant, Bribe Branch


You were on level 3 of the Spider Nest.
You worshipped Gozag.
Gozag was aware of your devotion.
You were a lightning-filled tempest!
You visited 5 branches of the dungeon, and saw 26 of its levels.
You also visited: Bailey, Ice Cave and Volcano.

You collected 9528 gold pieces.
You spent 3514 gold pieces at shops.
You paid 5640 gold pieces to Gozag.

Inventory:

Jewellery
 g - a +6 ring of strength (right paw)
 k - a +6 ring of strength
 s - a ring of wizardry
 y - a ring of protection from cold
 E - an amulet of guardian spirit (around neck)
 F - the ring "Cyvuduso" (left paw) {rPois Int+6}
   (You found it on level 5 of the Lair of Beasts)

   [ring of intelligence]

   Int:       It affects your intelligence (+6).
   rPois:     It protects you from poison.
 G - a ring of protection from fire
 H - an amulet of the acrobat
Wands
 a - a wand of acid (12)
 h - a wand of digging (14)
 l - a wand of roots (3)
 n - a wand of flame (30)
Scrolls
 m - 2 scrolls of poison
 u - 5 scrolls of vulnerability
 v - a scroll of immolation
 x - a scroll of fog
 B - 7 scrolls of identify
 I - a scroll of magic mapping
Potions
 c - 14 potions of curing
 f - 3 potions of flight
 i - 2 potions of might
 p - 2 potions of attraction
 q - 3 potions of ambrosia
 r - a potion of resistance
 w - a potion of mutation
 z - 2 potions of lignification
 A - a potion of cancellation
 D - 4 potions of berserk rage
Miscellaneous
 J - a phantom mirror


   Skills:
 + Level 14.6 Fighting
 + Level 18.6 Dodging
 - Level 5.0 Stealth
 - Level 13.0 Spellcasting
 - Level 7.0 Hexes
 + Level 14.7 Summonings
 + Level 11.2 Transmutations
 + Level 8.4 Air Magic


You couldn't memorise any spells.
You knew the following spells:

 Your Spells              Type           Power      Damage    Failure   Level
a - Storm Form            Tmut/Air       32%        N/A       41%         7
c - Call Canine Familiar  Summ           79%        N/A       1%          3
d - Summon Guardian Gole  Hex/Summ       68%        N/A       1%          3
e - Summon Lightning Spi  Summ/Air       70%        N/A       1%          4
f - Wereblood             Tmut           69%        N/A       1%          2
g - Dazzling Flash        Conj/Hex       74%        N/A       1%          3
h - Monstrous Menagerie   Summ           39%        N/A       6%          7
i - Summon Hydra          Summ           39%        N/A       6%          7
j - Airstrike             Air            30%        2d(5-21)  1%          4

Your spell library contained the following spells:

 Spells                   Type           Power      Damage    Failure   Level
 Summon Small Mammal      Summ           100%       N/A       0%          1
 Call Imp                 Summ           79%        N/A       0%          2
 Shock                    Conj/Air       100%       1d9       1%          1
 Ensorcelled Hibernation  Hex/Ice        74%        N/A       1%          2
 Passwall                 Tmut/Erth      40%        N/A       1%          2
 Static Discharge         Conj/Air       41%        3-9/arc   1%          2
 Swiftness                Air            60%        N/A       1%          3
 Apportation              Tloc           36%        N/A       3%          1
 Necrotise                Necr           72%        1d7       3%          1
 Silence                  Hex/Air        28%        N/A       3%          5
 Sublimation of Blood     Necr           18%        N/A       4%          2
 Fulminant Prism          Conj/Hex       18%        3d11      7%          4
 Leda's Liquefaction      Hex/Erth       18%        N/A       7%          4
 Ozocubu's Armour         Ice            18%        N/A       9%          3
 Stone Arrow              Conj/Erth      36%        3d9       9%          3
 Vampiric Draining        Necr           18%        2d7       9%          3
 Lightning Bolt           Conj/Air       20%        1d35      14%         5
 Dispel Undead            Necr           18%        3d11      28%         4
 Iskenderun's Mystic Bla  Conj/Tloc      18%        2d6       28%         4
 Sticky Flame             Conj/Fire      18%        2d4       28%         4
 Agony                    Necr           18%        N/A       63%         5
 Iskenderun's Battlesphe  Conj           18%        2d7       63%         5
 Lee's Rapid Deconstruct  Erth           9%         3d8*      63%         5
 Haunt                    Necr/Summ      28%        N/A       77%         7
 Spellforged Servitor     Conj/Summ      28%        N/A       77%         7
 Iron Shot                Conj/Erth      9%         9d3       99%         6
 Ozocubu's Refrigeration  Ice            9%         4d9       100%        7
 Lehudib's Crystal Spear  Conj/Erth      9%         10d4      100%        8
 Portal Projectile        Hex/Tloc       Unusable   N/A       N/A         3
 Animate Armour           Summ/Erth      Unusable   N/A       N/A         4

Dungeon Overview and Level Annotations

Branches:
Dungeon (15/15)            Temple (1/1) D:7            Lair (5/5) D:11
 Shoals (0/4) Lair:3       Spider (3/4) Lair:2        Slime (0/5) Lair:4
    Orc (2/2) D:12            Elf (0/3) Orc:2        Vaults (0/5) D:13
 Bailey (visited)           IceCv (visited)         Volcano (visited)
 Depths: D:15

Altars:
Ashenzari
Cheibriados
Dithmenos
Elyvilon
Fedhas
Gozag
Hepliaklqana
Kikubaaqudgha
Makhleb
Nemelex Xobeh
Okawaru
Qazlal
Ru
Sif Muna
Trog
Uskayaw
Vehumet
Wu Jian
Xom
Yredelemnul
Zin
The Shining One

Shops:
D:1 !   Orc:2 ::=::([:

Annotations:
D:10 1 runed translucent door, xian's ghost, journeyman DsSu
D:11 2 runed translucent doors, 1 exclusion, Ihaveafatcat's ghost, journeyman HOFi
Spider:3 Arachne; Nikola
Orc:1 1 runed translucent door


Innate Abilities, Weirdness & Mutations

You are a lightning-filled tempest!
Your electrical attacks strike out in all directions at once.
You are incredibly evasive.
Your insubstantial body is immune to petrification, constriction, and being set on fire You are flying.
You are immune to poison.
((You have sharp claws.))
((You have razor-sharp teeth.))
You have supernaturally acute eyesight. (SInv)
((You cover ground quickly. (Speed+)))
((Your thick and shaggy fur keeps you warm. (AC +3, rC+)))
((Your paws help you pounce on unaware monsters.))
You are incapable of wielding weapons or throwing items.
You cannot wear armour.
You gain extra lives every three experience levels.


Message History

You buffet the jumping spider!
Your eight-headed hydra disappears in a puff of smoke!
The jumping spider misses you. The jumping spider bites you.
The jumping spider pounces on you!
You are caught in a web!
The jumping spider bites you but does no damage.
Nikola casts a spell.
Lightning arcs from Nikola's hands!
The bolt of lightning hits the jumping spider!!!
The jumping spider dies!
A bolt of lightning appears from out of thin air!
The bolt of lightning hits you!! You resist.
The bolt of lightning hits the ghost moth!!
The bolt of lightning hits your manticore!!!
Your manticore dies!
Your manticore's corpse disappears in a puff of smoke!
The bolt of lightning hits your four-headed hydra!!!
The ghost moth hits you.
You feel clumsy. The ghost moth hits you. The ghost moth misses you.
You hear a skittering sound.
You hear a shout! x2; You hear a hideous shriek!
The web tears apart.
Nikola is caught in a web!
The ghost moth stares at you. The ghost moth hits you!
* * * LOW HITPOINT WARNING * * *
The ghost moth hits you.
* * * LOW HITPOINT WARNING * * *
You feel weakened. The ghost moth misses you.
Nikola mumbles, "Hm, I wonder if you're conductive."
Nikola struggles to get unstuck from the web.
The ghost moth attacks as you move away!
The ghost moth misses you. x2; The ghost moth completely misses you.
The ghost moth stares at you.
You feel your power leaking away.
Your four-headed hydra disappears in a puff of smoke!
The moth of wrath is distracted by your dazzling golden aura.
The ghost moth stares at you.
Nikola pulls away from the web.
The ghost moth hits you!
You die...
Your body crumbles into a pile of gold.

#...#...#..#....^...## .
#.......#.........^....
...#..#.#..#......#..#.
#....#..^#.....#.#.#...#
.#.:..#^...#...^@#..##
#......#..#....^.#.##..#
#..#...#^..#^..#..§.....#
#.#^.##......#.#y...#$..##
..... #...#..^.#v$^.....^#
...# #....)#y.$.#.##.!.##
.#. ^..(..#^....####.#.#
.#.##....#.^..# #####
##.#...#..#<#.##
.##...........#
##......#...# ##..#....###
#.#...#..#


You could see Nikola, a ghost moth (invisible) and a moth of wrath (unaware).

Vanquished Creatures
  A ghost moth (Spider:2)
  Erolcha (D:13)
  A jorogumo (Spider:2)
  A centaur warrior (D:13)
  A two-headed ogre (D:13)
  A steelbarb worm (Spider:1)
  A deep elf pyromancer (D:14)
  A molten gargoyle (Volcano)
  A kobold demonologist (D:11)
  2 blink frogs
  A vampire (D:11)
  A wyvern (D:9)
  A yak (D:12)
  8 humans
  5 redbacks
  2 orc warriors
  A black bear (D:7)
  A phantom (D:5)
  2 bullfrogs
  A scorpion (D:4)
  3 electric eels
  A nameless horror (D:6)
  3 orc priests
  A gnoll bouda (D:4)
  An iguana (D:5)
  2 adders
  A shadow imp (D:8)
  An ufetubus (D:5)
  A dart slug (D:4)
  7 orcs
  A ball python (D:4)
  5 goblins
  3 hobgoblins
  4 bats
  2 rats (D:3)
  A butterfly (Lair:5)
71 creatures vanquished.

Vanquished Creatures (collateral kills)
  Asterion (Spider:2)
  An emperor scorpion (Spider:2)
  2 ghost moths
  Azrael (D:14)
  5 entropy weavers
  A red draconian (Volcano)
  A spark wasp (Spider:1)
  A boulder beetle (Spider:1)
  4 centaur warriors
  A caustic shrike simulacrum (IceCv)
  2 hydras
  2 jorogumos (Spider:2)
  3 radroaches
  4 catoblepae
  A death knight (D:14)
  5 two-headed ogres
  3 orc high priests
  4 death yaks (Lair:5)
  2 sun moths
  5 pharaoh ants
  A skeletal warrior (D:14)
  4 steelbarb worms
  A fire crab (shapeshifter) (D:14)
  5 orb spiders
  2 obsidian statues (IceCv)
  2 spriggan simulacra (D:14)
  4 orc knights
  5 deep elf pyromancers
  9 wolf spiders
  12 ugly things
  An oklob plant (Lair:2)
  3 cyclopes
  4 orc sorcerers (Orc:2)
  3 manticores
  2 moths of wrath
  3 black mambas
  20 elephants
  3 merfolk sirens (Lair:3)
  2 torpor snails
  10 cane toads
  Psyche (D:8)
  3 demonic crawlers
  A yaktaur (Volcano)
  A kobold demonologist (D:11)
  A rime drake (Lair:5)
  4 komodo dragons
  3 freezing wraiths
  2 ice devils (IceCv)
  9 trolls
  2 polar bears
  A merfolk (Lair:3)
  A hornet (D:9)
  15 tarantellas
  10 blink frogs
  11 dream sheep
  22 jumping spiders
  22 culicivoras
  3 dire elephant simulacra
  9 nameless horrors
  5 fire bats (Volcano)
  7 humans
  4 wraiths
  32 yaks
  4 basilisks
  2 wyverns
  4 fire elementals (D:14)
  9 vampire mosquitoes
  2 steam dragons
  2 minotaur simulacra (D:14)
  36 redbacks
  A warg (Orc:1)
  A warg (shapeshifter) (D:13)
  15 water moccasins
  2 acid dragons
  Duvessa (D:6)
  27 orc warriors
  2 alligator simulacra
  2 black bears
  7 ogres
  8 wolves
  5 centaurs
  2 lemures (D:6)
  A phantom (D:7)
  13 kobold brigands
  9 bullfrogs
  4 gnoll sergeants (D:12)
  3 scorpions (D:6)
  2 deep troll simulacra
  A wight (D:8)
  Dowan (D:6)
  6 killer bees
  3 howler monkeys
  6 lava snakes (Volcano)
  2 hounds
  17 orc priests
  26 orc wizards
  2 iguanas
  12 gnolls
  8 adders
  2 ufetubi
  A worm (D:3)
  4 dart slugs
  110 orcs
  9 ball pythons
  9 endoplasms
  12 giant cockroaches
  11 goblins
  4 hobgoblins
  3 quokkas
  4 bats
  3 frilled lizards
  30 kobolds
  16 rats (D:3)
780 creatures vanquished.

Vanquished Creatures (others)
  Rupert (D:13)
  Agnes (D:14)
  3 hydras
  A boulder beetle (D:11)
  6 death yaks
  2 two-headed ogres (D:9)
  2 orc high priests (Orc:2)
  Pikel (D:6)
  An orc knight (Orc:2)
  A cyclops (D:11)
  3 manticores
  3 elephants
  Maurice (D:8)
  2 black mambas
  3 cane toads (Lair:5)
  A gargoyle (Volcano)
  A komodo dragon (Lair:1)
  2 trolls
  A tarantella (Spider:2)
  2 polar bears (Lair:2)
  3 blink frogs (Lair:5)
  A jumping spider (Spider:3)
  2 culicivoras (Spider:1)
  A dire elephant simulacrum (IceCv)
  18 yaks
  A wyvern (Lair:2)
  A basilisk (Lair:3)
  A human (D:13)
  4 vampire mosquitoes
  Edmund (D:4)
  5 orc warriors
  2 water moccasins (Lair:5)
  2 black bears (D:5)
  3 ice beasts
  2 wolves
  An ogre (D:12)
  A lemure (D:5)
  A centaur (Volcano)
  5 kobold brigands
  A scorpion (D:5)
  A gnoll sergeant (D:10)
  7 wights
  4 orc priests
  An iguana (D:6)
  An orc wizard (D:10)
  A gnoll (D:4)
  4 orcs
  6 kobolds
  A bush (Lair:1)
  A butterfly (Lair:5)
  37 fungi
  60 plants
  6 withered plants (D:5)
224 creatures vanquished.

Grand Total: 1075 creatures vanquished

Notes
Turn   | Place    | Note
-------+----------+-------------------------------------------
     0 | D:1      | croobank the Felid Summoner began the quest for the Orb.
     0 | D:1      | Reached XP level 1. HP: 7/7 MP: 4/4
     4 | D:1      | Found Liavill's Distillery.
   160 | D:1      | Reached XP level 2. HP: 12/12 MP: 1/6
   165 | D:1      | Reached skill level 3 in Dodging
   172 | D:1      | Learned a level 2 spell: Call Imp
   732 | D:1      | Reached skill level 1 in Fighting
   739 | D:1      | Reached XP level 3. HP: 15/15 MP: 3/7
   743 | D:1      | Learned a level 3 spell: Call Canine Familiar
  1294 | D:2      | Found a faded altar of an unknown god.
  1790 | D:2      | Reached XP level 4. HP: 19/19 MP: 2/8
  2492 | D:3      | Killed from afar by an orc priest
  2493 | D:3      | Reached XP level 3. HP: -1/15 MP: 5/7
  2586 | D:3      | Reached XP level 4. HP: 14/19 MP: 8/8
  2976 | D:3      | Reached skill level 4 in Dodging
  3076 | D:3      | Identified the +0 cloak of Geamu {Rampage Fly rPois Regen+}
  3214 | D:4      | Noticed an ogre
  3228 | D:4      | Killed an ogre
  3229 | D:4      | Reached XP level 5. HP: 23/23 MP: 3/10
  3233 | D:4      | Learned a level 3 spell: Summon Guardian Golem
  3445 | D:4      | Gained mutation: You are covered in thick fur. (AC +2)
                  | [Felid growth]
  3445 | D:4      | Reached XP level 6. HP: 20/27 MP: 9/11
  3571 | D:4      | Found an ornate altar of the Wu Jian Council.
  3594 | D:4      | Reached skill level 1 in Hexes
  3876 | D:4      | Reached skill level 5 in Stealth
  3876 | D:4      | Reached skill level 5 in Summonings
  3984 | D:4      | Noticed Edmund
  4009 | D:4      | Killed Edmund
  4010 | D:4      | Reached skill level 5 in Dodging
  4010 | D:4      | Reached XP level 7. HP: 31/31 MP: 8/13
  5115 | D:4      | Learned a level 4 spell: Summon Lightning Spire
  5295 | D:5      | Entered Level 5 of the Dungeon
  5306 | D:5      | Found a snail-covered altar of Cheibriados.
  5412 | D:5      | Reached skill level 1 in Air Magic
  5431 | D:5      | Reached XP level 8. HP: 36/36 MP: 2/15
  5476 | D:5      | Reached skill level 6 in Dodging
  5898 | D:5      | Found an ancient bone altar of Kikubaaqudgha.
  5953 | D:5      | Reached skill level 5 in Hexes
  6837 | D:5      | Found a shimmering blue altar of Sif Muna.
  6923 | D:5      | Found a blossoming altar of Fedhas.
  7035 | D:6      | Noticed Dowan
  7035 | D:6      | Noticed Duvessa
  7527 | D:7      | Reached skill level 7 in Dodging
  7527 | D:7      | Reached skill level 5 in Spellcasting
  7555 | D:7      | Reached skill level 5 in Fighting
  7555 | D:7      | Reached XP level 9. HP: 18/40 MP: 9/17
  7922 | D:6      | Killed Duvessa
  8011 | D:6      | Killed Dowan
  8728 | D:6      | Noticed Pikel
  8766 | D:6      | Killed Pikel
  8767 | D:6      | Reached skill level 8 in Dodging
  8771 | D:6      | Killed from afar by an acid dragon
  8772 | D:6      | Reached XP level 8. HP: -5/38 MP: 13/17
  8855 | D:6      | Found a glowing silver altar of Zin.
  9955 | D:6      | Reached XP level 9. HP: 30/41 MP: 13/19
 11365 | D:7      | Found a staircase to the Ecumenical Temple.
 11371 | Temple   | Entered the Ecumenical Temple
 11405 | Temple   | Became a worshipper of Gozag Ym Sagoz the Greedy
 11909 | D:7      | Reached skill level 1 in Transmutations
 12264 | D:7      | Learned a level 2 spell: Wereblood
 12400 | D:8      | Found a flagged portal.
 12431 | Bailey   | Entered a bailey
 13031 | Bailey   | Reached skill level 9 in Dodging
 13509 | Bailey   | Found an iron altar of Okawaru.
 13599 | D:8      | Noticed Maurice
 13632 | D:8      | Killed Maurice
 13642 | D:8      | Reached XP level 10. HP: 29/46 MP: 7/20
 13868 | D:8      | Found a hazy altar of Hepliaklqana.
 13908 | D:8      | Reached skill level 5 in Air Magic
 13971 | D:8      | Noticed Psyche
 14014 | D:8      | Killed Psyche
 15101 | D:9      | Noticed a two-headed ogre
 15136 | D:9      | Noticed a two-headed ogre
 15148 | D:9      | Killed a two-headed ogre
 15629 | D:9      | Noticed a brown ugly thing
 15655 | D:9      | Killed a brown ugly thing
 15836 | D:9      | Reached skill level 10 in Dodging
 16214 | D:9      | Killed a two-headed ogre
 16579 | D:9      | Found a sparkling altar of Nemelex Xobeh.
 16595 | D:9      | Reached XP level 11. HP: 50/50 MP: 18/22
 16641 | D:9      | Noticed a two-headed ogre
 16648 | D:9      | Killed a two-headed ogre
 17768 | D:9      | Reached skill level 5 in Transmutations
 18301 | D:10     | Entered Level 10 of the Dungeon
 18306 | D:10     | Found a shimmering altar of Xom.
 18470 | D:10     | Found a shimmering altar of Xom.
 18472 | D:10     | Found a shimmering altar of Xom.
 18472 | D:10     | Found a shimmering altar of Xom.
 18472 | D:10     | Found a shimmering altar of Xom.
 18473 | D:10     | Found a shimmering altar of Xom.
 18544 | D:10     | Found a runed translucent door.
 18546 | D:10     | Noticed xian's ghost (journeyman DsSu)
 18574 | D:10     | Noticed a centaur warrior
 18599 | D:10     | Killed a centaur warrior
 20159 | D:11     | Noticed a boulder beetle
 20178 | D:11     | Noticed a two-headed ogre
 20183 | D:11     | Killed a two-headed ogre
 20194 | D:11     | Killed a boulder beetle
 20289 | D:11     | Reached skill level 11 in Dodging
 20580 | D:11     | Noticed a deep elf pyromancer
 20602 | D:11     | Killed a deep elf pyromancer
 20750 | D:11     | Noticed a sun demon
 20759 | D:11     | Noticed a brown ugly thing
 20985 | D:11     | Noticed a two-headed ogre
 21001 | D:11     | Killed a two-headed ogre
 21224 | D:11     | Found a staircase to the Lair.
 21392 | D:11     | Found a large runed translucent door.
 21392 | D:11     | Found a large runed translucent door.
 21400 | D:11     | Noticed Ihaveafatcat's ghost (journeyman HOFi)
 22494 | D:11     | Gained mutation: Your thick and shaggy fur keeps you warm.
                  | (AC +3, rC+) [Felid growth]
 22494 | D:11     | Reached XP level 12. HP: 47/56 MP: 17/25
 22923 | D:12     | Hit by a large rock thrown by a cyclops
 22924 | D:12     | Reached XP level 11. HP: -1/52 MP: 9/24
 22959 | D:12     | Reached skill level 10 in Summonings
 23161 | D:12     | Noticed a deep elf pyromancer
 23175 | D:12     | Killed a deep elf pyromancer
 23176 | D:12     | Reached skill level 12 in Dodging
 23673 | Lair:1   | Entered Level 1 of the Lair of Beasts
 23867 | Lair:1   | Noticed a five-headed hydra
 24508 | Lair:1   | Killed a five-headed hydra
 24509 | Lair:1   | Reached skill level 10 in Fighting
 24509 | Lair:1   | Reached skill level 13 in Dodging
 24513 | Lair:1   | Reached XP level 12. HP: 58/58 MP: 10/26
 25501 | Lair:2   | Found a hole to the Spider Nest.
 26705 | Lair:3   | Found a staircase to the Shoals.
 26975 | Lair:3   | Reached skill level 10 in Spellcasting
 27280 | Lair:3   | Noticed a catoblepas
 27314 | Lair:3   | Killed a catoblepas
 27315 | Lair:3   | Reached skill level 14 in Dodging
 27816 | Lair:3   | Identified the +9 ring mail of Compression {rF+}
 28448 | Lair:4   | Noticed an eight-headed hydra
 28464 | Lair:4   | Killed an eight-headed hydra
 28924 | Lair:4   | Reached XP level 13. HP: 63/63 MP: 20/28
 29068 | Lair:4   | Found a staircase to the Slime Pits.
 29335 | Lair:4   | Reached skill level 15 in Dodging
 30136 | Lair:4   | Found the +8 whip "Snakebite" {venom, curare, rPois}
 30248 | Lair:5   | Entered Level 5 of the Lair of Beasts
 32568 | Lair:5   | Learned a level 3 spell: Dazzling Flash
 33574 | Lair:5   | Identified the ring "Cyvuduso" {rPois Int+6}
 33850 | Lair:5   | Reached XP level 14. HP: 69/69 MP: 23/29
 34082 | Lair:5   | Reached skill level 16 in Dodging
 35416 | D:1      | Bought 2 potions of curing for 66 gold pieces
 35416 | D:1      | Bought 2 potions of berserk rage for 110 gold pieces
 35416 | D:1      | Bought a potion of curing for 33 gold pieces
 35416 | D:1      | Bought a potion of haste for 110 gold pieces
 35416 | D:1      | Bought a potion of heal wounds for 55 gold pieces
 36109 | D:12     | Found a staircase to the Orcish Mines.
 36318 | D:13     | Noticed Erolcha
 36345 | D:13     | Killed Erolcha
 36911 | D:13     | Noticed Rupert
 36933 | D:13     | Killed Rupert
 37274 | D:13     | Found a gate to the Vaults.
 38419 | Orc:1    | Entered Level 1 of the Orcish Mines
 38863 | Orc:1    | Found a runed translucent door.
 38865 | Orc:1    | Noticed a balrug
 39370 | Orc:2    | Entered Level 2 of the Orcish Mines
 39710 | Orc:2    | Found a staircase to the Elven Halls.
 39955 | Orc:2    | Found a dark tunnel.
 39960 | Volcano  | Entered a volcano
 40177 | Volcano  | Found a radiant altar of Vehumet.
 41013 | Orc:2    | Reached skill level 17 in Dodging
 41222 | Orc:2    | Reached XP level 15. HP: 74/74 MP: 23/31
 41681 | Orc:2    | Found Piggon's Jewellery Emporium.
 41681 | Orc:2    | Found Pyrch's Weapon Shop.
 41703 | Orc:2    | Found Ippimn's Book Shop.
 41703 | Orc:2    | Found Gitamm's Antique Armour Emporium.
 41725 | Orc:2    | Bought a manual of Summonings for 1200 gold pieces
 41732 | Orc:2    | Bought the Disquisition on Doomed Air for 520 gold pieces
 41732 | Orc:2    | Bought the Cyclopedia of Productive Terra Firma for 624
                  | gold pieces
 41876 | Orc:2    | Learned a level 7 spell: Monstrous Menagerie
 41884 | Orc:2    | Learned a level 7 spell: Summon Hydra
 42189 | Orc:2    | Bought a book of Cantrips for 168 gold pieces
 42189 | Orc:2    | Bought a book of Air for 308 gold pieces
 42194 | Orc:2    | Learned a level 4 spell: Airstrike
 42196 | Orc:2    | Learned a level 1 spell: Apportation
 42367 | Spider:1 | Entered Level 1 of the Spider Nest
 43239 | D:14     | Noticed Agnes
 43247 | D:14     | Killed Agnes
 43561 | D:14     | Found a frozen archway.
 43620 | IceCv    | Entered an ice cave
 44627 | IceCv    | Noticed an Ice Fiend
 44627 | IceCv    | Noticed an Ice Fiend
 45405 | D:14     | Noticed Azrael
 45421 | D:14     | Killed Azrael
 46640 | D:15     | Entered Level 15 of the Dungeon
 47299 | Orc:2    | Bought a book of Burglary for 320 gold pieces
 48738 | Spider:1 | Reached skill level 10 in Transmutations
 51921 | Spider:1 | Reached skill level 18 in Dodging
 52112 | Spider:2 | Reached XP level 16. HP: 79/79 MP: 12/33
 54878 | Spider:2 | HP: 2/80 [ghost moth (10)]
 56439 | Spider:2 | Learned a level 7 spell: Storm Form
 56459 | Spider:3 | Lost strength.
 56857 | Spider:3 | Noticed Asterion
 56864 | Spider:2 | Noticed an Executioner
 56869 | Spider:2 | Killed Asterion
 57410 | Spider:2 | Slain by a jumping spider
 57411 | Spider:2 | Reached XP level 15. HP: 0/114 MP: 0/32
 58594 | Spider:3 | Noticed Nikola
 58628 | Spider:3 | Noticed Arachne
 58636 | Spider:3 | Slain by a jumping spider
 58637 | Spider:3 | Reached XP level 14. HP: 0/108 MP: 0/31
 58648 | Spider:3 | Noticed an emperor scorpion
 59025 | Spider:3 | Slain by a ghost moth

Illustrated notes

Levels and vault maps discovered:
D:1:      elethiomel_arrival_shortcut, layout_rooms, serial_shops,
          nicolae_shop_statue_plus, hangedman_decor_peaks_small,
          dreamdust_princess_bridge, minivault_26
D:2:      minmay_roachtagon, layout_loops_ring,
          hellmonk_ecumenical_altar_run_dry
D:3:      layout_rooms, minmay_rat_hole
D:4:      minmay_bubble_buster, layout_basic, mainiacjoe_overflow_chevrons,
          uniq_edmund
D:5:      nicolae_cairo_tiling_large_dashed, layout_loops_ring,
          marbit_many_paths, mainiacjoe_overflow_alcove_4,
          grunt_temple_overflow_growth_and_decay
D:6:      layout_rooms, lemuel_doored_altar, abandoned_shop, minmay_small_thing,
          uniq_duvessa, uniq_pikel
D:7:      layout_basic, minmay_temple_entry_hall
D:8:      minmay_goldmine, layout_basic, mainiacjoe_overflow_surrounded_room,
          enter_bailey_3, hangedman_glass_teeth, uniq_psyche, uniq_maurice
D:9:      wad_river_or_something, layout_basic,
          nemelex_xobeh_ov_fountains_minmay
D:10:     layout_roguey [special_room_orc], xom_shifter_show,
          ebering_ghost_inner_flame, nicolae_sextant, minmay_misc_feat_roman
D:11:     layout_stronghold, dpeg_oklobed_lair, ebering_ghost_disaster_area,
          minivault_20, grunt_decor_cap, hangedman_incinerator
D:12:     layout_rooms, kennysheep_orc_monster_closet_entryway
D:13:     layout_roguey, david_vaults_3, grunt_ogre_cave,
          kennysheep_generic_room_3, uniq_erolcha, uniq_rupert
D:14:     layout_roguey, portal_ice_cave_entry_ice_simulacra, kennysheep_nub,
          minmay_microvault, uniq_agnes, uniq_azrael
D:15:     grunt_enter_depths_magical_seal, layout_basic,
          ebering_dispersal_statue_hall
Temple:   nicolae_temple_figure_eight
Lair:1:   layout_cave_pods, grunt_megastairs_1, serial_bayou_shore_b
Lair:2:   layout_cave_shapes, spider_nest_entry_rubble,
          eino_small_chamber_without_monster
Lair:3:   layout_cave_pods, elwin_shoals_entry_stream, lemuel_fruit_fields
Lair:4:   minmay_guarded_unrand_snakebite, layout_gridlike,
          dpeg_slime_entry_corner, serial_bayou_shore_b
Lair:5:   evilmike_catoblepas_cave, layout_cave_pods,
          grunt_forest_small_clearing_treed, lemuel_fruit_fields
Spider:1: layout_cave_pods
Spider:2: nicolae_spider_hilbert_zone_3 [nicolae_spider_hilbert_4_sides_2_open,
          nicolae_spider_hilbert_3_sides_1_open,
          nicolae_spider_hilbert_3_sides_1_open,
          nicolae_spider_hilbert_3_sides_1_open,
          nicolae_spider_hilbert_3_sides_1_open,
          nicolae_spider_hilbert_4_sides_1_open,
          nicolae_spider_hilbert_4_sides_1_open,
          nicolae_spider_hilbert_4_sides_1_open,
          nicolae_spider_hilbert_4_sides_1_open,
          nicolae_spider_hilbert_4_sides_1_open,
          nicolae_spider_hilbert_4_sides_1_open,
          nicolae_spider_hilbert_4_sides_1_open,
          nicolae_spider_hilbert_4_sides_1_open,
          nicolae_spider_hilbert_3_sides_1_open,
          nicolae_spider_hilbert_3_sides_1_open,
          nicolae_spider_hilbert_3_sides_1_open,
          nicolae_spider_hilbert_3_sides_1_open]
Spider:3: layout_spider_delve, uniq_nikola, uniq_arachne, uniq_asterion
Orc:1:    dreamdust_dug_too_deep, layout_caves, serial_shops, bh_open_orc_temple
Orc:2:    grunt_orc_tribal_feast, layout_diamond_mine, enter_volcano_4

Skill      XL: |  1  2  3  4  5  6  7  8  9 10 11 12 13 14 15 16 |
---------------+-------------------------------------------------+-----
Stealth        | 3 4 5 |  5.0
Dodging        | 3 4 5 7 9 10 13 14 15 17 18 | 18.6
Fighting       | 1 2 3 4 6 7 10 11 12 13 14 | 14.6
Spellcasting   | 3 4 6 7 9 10 13 12 | 13.0
Hexes          | 2 4 5 6 7 |  7.0
Summonings     | 5 6 7 8 10 12 13 14 | 14.7
Air Magic      | 1 4 3 5 6 7 8 |  8.4
Transmutations | 2 4 6 8 10 11 | 11.2

Action                   |  1- 3 |  4- 6 |  7- 9 | 10-12 | 13-15 | 16-18 || total
-------------------------+-------+-------+-------+-------+-------+-------++-------
Melee: Unarmed           |    25 |    21 |    92 |   113 |   192 |    48 ||   491
       Bite              |     5 |     2 |     9 |    12 |    32 |     6 ||    66
       Punch             |       |       |     3 |     4 |     1 |       ||     8
 Cast: Summon Small Mamm |    35 |    29 |    31 |    11 |    28 |     2 ||   136
       Call Imp          |    12 |    11 |    10 |     8 |    13 |     1 ||    55
       Call Canine Famil |     7 |    12 |    55 |    72 |    83 |    11 ||   240
       Summon Guardian G |       |     2 |    32 |    75 |    96 |     5 ||   210
       Summon Lightning  |       |       |    41 |   140 |   202 |     9 ||   392
       Wereblood         |       |       |       |     1 |     2 |       ||     3
       Dazzling Flash    |       |       |       |       |    55 |       ||    55
       Summon Hydra      |       |       |       |       |    52 |    52 ||   104
       Monstrous Menager |       |       |       |       |    42 |    33 ||    75
       Storm Form        |       |       |       |       |     2 |     1 ||     3
       Apportation       |       |       |       |       |     2 |       ||     2
       Airstrike         |       |       |       |       |     1 |       ||     1
Invok: Potion Petition   |       |       |       |     1 |     3 |     2 ||     6
       Call Merchant     |       |       |       |       |     4 |       ||     4
Evoke: Wand              |       |       |     1 |     5 |    21 |    14 ||    41
  Use: Scroll            |       |     8 |    12 |     8 |    10 |    10 ||    48
       Potion            |       |     1 |     6 |     5 |    14 |     7 ||    33
 Stab: Distracted        |     1 |     1 |     1 |     3 |     4 |       ||    10
       Sleeping          |       |     2 |     5 |       |     1 |       ||     8
       Paralysed         |       |       |       |     2 |    11 |     2 ||    15
       Invisible         |       |       |       |       |    13 |       ||    13
       Betrayed ally     |       |       |       |       |     2 |       ||     2
Armor: Skin              |     3 |       |    30 |    19 |    30 |    46 ||   128
Dodge: Dodged            |    47 |    18 |   215 |   329 |   723 |   163 ||  1495
